BSA
NASHVILLE G-STRINGS @ SO CAL HENVY
07/27/2027
 
TOP OF THE 1ST
Madison Bombers batting - Pitching for So Cal Henvy : RHP Juan González
Pitching: RHP Juan González
Batting: SHB Martín Medina 0-0: Called Strike
0-1: Ball
1-1: Ball
2-1: Swinging Strike
2-2: Ball
3-2: Strikes out looking
Batting: LHB George Smith 0-0: Ball
1-0: Foul Ball, location: 2F
1-1: Swinging Strike
1-2: Ball
2-2: Strikes out swinging, 2-3 out at first.
Batting: RHB Sergio Márquez 0-0: Foul Ball, location: 2F
0-1: Ground out 5-3 (Groundball, 56)
Top of the 1st over - 0 run(s), 0 hit(s), 0 error(s), 0 left on base; Madison 0 - So Cal 0
BOTTOM OF THE 1ST
So Cal Henvy batting - Pitching for Madison Bombers : RHP Clint John
Pitching: RHP Clint John
Batting: RHB Greg Handrahan 0-0: Foul Ball, location: 2F
0-1: Swinging Strike
0-2: Ball
1-2: Ball
2-2: Foul Ball, location: 2F
2-2: Strikes out swinging
Batting: RHB William Richardson 0-0: Foul Ball, location: 2F
0-1: Ball
1-1: Swinging Strike
1-2: Ball
2-2: SINGLE (Groundball, 6MD)
Batting: LHB César Valentín 0-0: Called Strike
Pickoff Throw to First - Out!
0-1: Ball
1-1: Ball
2-1: Ball
3-1: Base on Balls
Batting: LHB José Antonio Santiago 0-0: Ball
1-0: Foul Ball, location: 2F
1-1: Foul Ball, location: 2F
1-2: Strikes out swinging
Bottom of the 1st over - 0 run(s), 1 hit(s), 0 error(s), 1 left on base; Madison 0 - So Cal 0
TOP OF THE 2ND
Madison Bombers batting - Pitching for So Cal Henvy : RHP Juan González
Batting: LHB Mike Callahan 0-0: Ball
1-0: Called Strike
1-1: Ball
2-1: Swinging Strike
2-2: Strikes out swinging
Batting: SHB Ricardo Arévalo 0-0: Ball
1-0: Ball
2-0: Foul Ball, location: 2F
2-1: DOUBLE (Line Drive, 89D)
Batting: RHB Juan Costello 0-0: SINGLE (Groundball, 6MD)
Ricardo Arévalo to third
Runner from 3rd tries for Home, SAFE, throw made home
Juan Costello to second
Batting: LHB John Horton 0-0: Called Strike
0-1: Ball
1-1: Called Strike
1-2: Strikes out swinging
Batting: RHB Javier Deleón 0-0: Called Strike
0-1: Foul Ball, location: 2F
0-2: Foul Ball, location: 2F
0-2: Fly out, F8 (Flyball, 8RM)
Top of the 2nd over - 1 run(s), 2 hit(s), 0 error(s), 1 left on base; Madison 1 - So Cal 0
BOTTOM OF THE 2ND
So Cal Henvy batting - Pitching for Madison Bombers : RHP Clint John
Batting: RHB Rubén Calderón 0-0: Foul Ball, location: 2F
0-1: Ground out 6-3 (Groundball, 6)
Batting: LHB Jeff Carter 0-0: Called Strike
0-1: Foul Ball, location: 2F
0-2: SINGLE (Groundball, 3D)
Batting: RHB Dexter Potter 0-0: Fly out, F9 (Flyball, 89M)
Batting: RHB Lawrence Schroeder 0-0: Foul Ball, location: 2F
0-1: Ball
1-1: Foul Ball, location: 2F
1-2: 2-RUN HOME RUN (Flyball, 89XD), Distance : 400 ft
Batting: LHB Doyle Otterburn 0-0: Foul Ball, location: 2F
0-1: Ball
1-1: Ground out 4-3 (Groundball, 34)
Bottom of the 2nd over - 2 run(s), 2 hit(s), 0 error(s), 0 left on base; Madison 1 - So Cal 2
TOP OF THE 3RD
Madison Bombers batting - Pitching for So Cal Henvy : RHP Juan González
Batting: SHB Jorge Flores 0-0: Foul Ball, location: 2F
0-1: Called Strike
0-2: Strikes out swinging
Batting: SHB Martín Medina 0-0: Swinging Strike
0-1: Swinging Strike
0-2: Strikes out swinging
Batting: LHB George Smith 0-0: Ball
1-0: Foul Ball, location: 2F
1-1: Ball
2-1: Foul Ball, location: 2F
2-2: Strikes out swinging
Top of the 3rd over - 0 run(s), 0 hit(s), 0 error(s), 0 left on base; Madison 1 - So Cal 2
BOTTOM OF THE 3RD
So Cal Henvy batting - Pitching for Madison Bombers : RHP Clint John
Batting: RHB Greg Handrahan 0-0: Swinging Strike
0-1: Ball
1-1: Foul Ball, location: 2F
1-2: Ball
2-2: Foul Ball, location: 2F
2-2: Fly out, F8 (Flyball, 8RM)
Batting: RHB William Richardson 0-0: Called Strike
0-1: Foul Ball, location: 2F
0-2: Ball
1-2: Strikes out swinging
Batting: LHB César Valentín 0-0: Called Strike
0-1: Foul Ball, location: 2F
0-2: Ball
1-2: Ball
2-2: Ball
3-2: Fly out, F5 (Flyball, 5D)
Bottom of the 3rd over - 0 run(s), 0 hit(s), 0 error(s), 0 left on base; Madison 1 - So Cal 2
TOP OF THE 4TH
Madison Bombers batting - Pitching for So Cal Henvy : RHP Juan González
Batting: RHB Sergio Márquez 0-0: Called Strike
0-1: Ball
1-1: Ground out 6-3 (Groundball, 6)
Batting: LHB Mike Callahan 0-0: Fly out, F8 (Flyball, 8RS)
Batting: SHB Ricardo Arévalo 0-0: Ball
1-0: Called Strike
1-1: Ball
2-1: Ball
3-1: Foul Ball, location: 2F
3-2: Foul Ball, location: 2F
3-2: Foul Ball, location: 2F
3-2: Fly out, F6 (Popup, 56D)
Top of the 4th over - 0 run(s), 0 hit(s), 0 error(s), 0 left on base; Madison 1 - So Cal 2
BOTTOM OF THE 4TH
So Cal Henvy batting - Pitching for Madison Bombers : RHP Clint John
Batting: LHB José Antonio Santiago 0-0: Ball
1-0: Fly out, F9 (Line Drive, 9)
Batting: RHB Rubén Calderón 0-0: Called Strike
0-1: Ball
1-1: Ball
2-1: Ball
3-1: Foul Ball, location: 2F
3-2: Foul Ball, location: 2F
3-2: SINGLE (Groundball, 4MD)
Batting: LHB Jeff Carter 0-0: Called Strike
0-1: Ball
1-1: SINGLE (Groundball, 4D)
Rubén Calderón to second
Runner from 2nd tries for 3rd, SAFE, throw made to third
Jeff Carter to second
Batting: RHB Dexter Potter 0-0: Called Strike
0-1: Called Strike
0-2: Ball
1-2: Foul Ball, location: 2F
1-2: Strikes out looking
Batting: RHB Lawrence Schroeder 0-0: Foul Ball, location: 2F
0-1: Ball
1-1: DOUBLE (Groundball, 5L)
Rubén Calderón scores
Jeff Carter scores
Batting: LHB Doyle Otterburn 0-0: DOUBLE (Line Drive, 8LXD)
Lawrence Schroeder scores
Batting: RHB Greg Handrahan 0-0: Ball
1-0: Foul Ball, location: 2F
1-1: Ball
2-1: Ground out 4-3 (Groundball, 4)
Bottom of the 4th over - 3 run(s), 4 hit(s), 0 error(s), 1 left on base; Madison 1 - So Cal 5
TOP OF THE 5TH
Madison Bombers batting - Pitching for So Cal Henvy : RHP Juan González
Batting: RHB Juan Costello 0-0: Ball
1-0: Swinging Strike
1-1: Swinging Strike
1-2: Foul Ball, location: 2F
1-2: Foul Ball, location: 2F
1-2: Ball
2-2: Strikes out swinging
Batting: LHB John Horton 0-0: DOUBLE (Line Drive, 7LS)
Batting: RHB Javier Deleón 0-0: Swinging Strike
0-1: Ball
1-1: Swinging Strike
1-2: Foul Ball, location: 2F
1-2: Ground out U3 (Groundball, 34S)
John Horton to third
Batting: SHB Jorge Flores 0-0: Foul Ball, location: 2F
0-1: Swinging Strike
0-2: SINGLE (Groundball, 56D)
John Horton scores
Batting: SHB Martín Medina 0-0: Foul Ball, location: 2F
0-1: Ball
1-1: Ball
2-1: Fielders Choice at 2nd, 4-6 (Groundball, 34)
Top of the 5th over - 1 run(s), 2 hit(s), 0 error(s), 0 left on base; Madison 2 - So Cal 5
BOTTOM OF THE 5TH
So Cal Henvy batting - Pitching for Madison Bombers : RHP Clint John
Batting: RHB William Richardson 0-0: Ball
1-0: Foul Ball, location: 2F
1-1: Foul Ball, location: 2F
1-2: Foul Ball, location: 2F
1-2: Ball
2-2: Ball
3-2: SINGLE (Line Drive, 8RS)
Batting: LHB César Valentín 0-0: Ball
1-0: Ball
2-0: Called Strike
2-1: Ball
3-1: Base on Balls
William Richardson to second
Batting: LHB José Antonio Santiago 0-0: Called Strike
0-1: Ball
1-1: Ball
2-1: Fly out, F7 (Flyball, 7LSF)
Batting: RHB Rubén Calderón 0-0: Foul Ball, location: 2F
0-1: Grounds into double play, 5-4-3 (Groundball, 56)
Bottom of the 5th over - 0 run(s), 1 hit(s), 0 error(s), 1 left on base; Madison 2 - So Cal 5
TOP OF THE 6TH
Madison Bombers batting - Pitching for So Cal Henvy : RHP Juan González
Batting: LHB George Smith 0-0: SINGLE (Groundball, 4MD)
Batting: RHB Sergio Márquez 0-0: Ball
1-0: Ball
2-0: Ball
3-0: Called Strike
3-1: Called Strike
3-2: Foul Ball, location: 2F
3-2: Foul Ball, location: 2F
3-2: DOUBLE (Line Drive, 7LS)
George Smith to third
Batting: LHB Mike Callahan 0-0: Called Strike
0-1: Foul Ball, location: 2F
0-2: Ball
Wild Pitch!
George Smith scores
Sergio Márquez to third
1-2: Foul Ball, location: 2F
1-2: Ball
2-2: Foul Ball, location: 2F
2-2: Ground out 4-3 (Groundball, 4S)
Sergio Márquez scores
Pitching: LHP Stanley Inman
Batting: SHB Ricardo Arévalo 0-0: Ball
1-0: Foul Ball, location: 2F
1-1: Foul Ball, location: 2F
1-2: Ball
2-2: Ball
3-2: Strikes out looking
Batting: RHB Juan Costello 0-0: Called Strike
0-1: Swinging Strike
0-2: Ball
1-2: Ball
2-2: Strikes out looking
Top of the 6th over - 2 run(s), 2 hit(s), 0 error(s), 0 left on base; Madison 4 - So Cal 5
BOTTOM OF THE 6TH
So Cal Henvy batting - Pitching for Madison Bombers : RHP Clint John
Pitching: LHP Fred Martin
Batting: LHB Jeff Carter 0-0: Called Strike
0-1: Called Strike
0-2: Strikes out swinging
Batting: RHB Dexter Potter 0-0: Ball
1-0: Called Strike
1-1: Swinging Strike
1-2: Strikes out swinging
Batting: RHB Lawrence Schroeder 0-0: Foul Ball, location: 2F
0-1: Swinging Strike
0-2: Ground out 4-3 (Groundball, 4)
Bottom of the 6th over - 0 run(s), 0 hit(s), 0 error(s), 0 left on base; Madison 4 - So Cal 5
TOP OF THE 7TH
Madison Bombers batting - Pitching for So Cal Henvy : LHP Stanley Inman
Batting: LHB John Horton 0-0: Foul Ball, location: 2F
0-1: Called Strike
0-2: Strikes out swinging
Batting: RHB Javier Deleón 0-0: Ball
1-0: Called Strike
1-1: Ball
2-1: Ball
3-1: Foul Ball, location: 2F
3-2: Strikes out swinging
Batting: SHB Jorge Flores 0-0: Ball
1-0: Ball
2-0: Called Strike
2-1: Swinging Strike
2-2: Strikes out swinging
Top of the 7th over - 0 run(s), 0 hit(s), 0 error(s), 0 left on base; Madison 4 - So Cal 5
BOTTOM OF THE 7TH
So Cal Henvy batting - Pitching for Madison Bombers : LHP Fred Martin
Batting: LHB Doyle Otterburn 0-0: Called Strike
0-1: Ball
1-1: Swinging Strike
1-2: Strikes out swinging
Batting: RHB Greg Handrahan 0-0: Foul Ball, location: 2F
0-1: Swinging Strike
0-2: Ball
1-2: Strikes out swinging
Batting: RHB William Richardson 0-0: Called Strike
0-1: Foul Ball, location: 2F
0-2: Ball
1-2: Foul Ball, location: 2F
1-2: SINGLE (Groundball, 34D)
Batting: LHB César Valentín 0-0: Ball
1-0: Called Strike
1-1: Foul Ball, location: 2F
1-2: Ball
2-2: Strikes out swinging
Bottom of the 7th over - 0 run(s), 1 hit(s), 0 error(s), 1 left on base; Madison 4 - So Cal 5
TOP OF THE 8TH
Madison Bombers batting - Pitching for So Cal Henvy : LHP Stanley Inman
Pitching: RHP Masahiko Okada
Batting: SHB Martín Medina 0-0: Ball
1-0: Called Strike
1-1: Fly out, F9 (Flyball, 89M)
Pitching: LHP Keith Swanson
Batting: LHB George Smith 0-0: Called Strike
0-1: Called Strike
0-2: Ball
1-2: Ball
2-2: Ball
3-2: Foul Ball, location: 2F
3-2: Base on Balls
Pitching: RHP Jesse Green
Batting: RHB Sergio Márquez 0-0: Swinging Strike
0-1: Ball
1-1: Called Strike
1-2: Foul Ball, location: 2F
1-2: Ball
2-2: Ball
3-2: Base on Balls
George Smith to second
Pitching: LHP Tomás Fajardo
Batting: LHB Mike Callahan 0-0: Ball
1-0: Ground out 4-3 (Groundball, 34D)
George Smith to third
Sergio Márquez to second
Pinch Hitting: RHB Cris Fuentes 0-0: Hit by Pitch
Pitching: RHP Yin-zhen Zong
Batting: RHB Juan Costello 0-0: Swinging Strike
0-1: Swinging Strike
0-2: Strikes out looking
Top of the 8th over - 0 run(s), 0 hit(s), 0 error(s), 3 left on base; Madison 4 - So Cal 5
BOTTOM OF THE 8TH
So Cal Henvy batting - Pitching for Madison Bombers : LHP Fred Martin
Now in LF: Cris Fuentes
Batting: LHB José Antonio Santiago 0-0: Ball
1-0: Swinging Strike
1-1: Called Strike
1-2: Foul Ball, location: 2F
1-2: Foul Ball, location: 2F
1-2: Ground out 3-1 (Groundball, 34S)
Batting: RHB Rubén Calderón 0-0: Called Strike
0-1: Foul Ball, location: 2F
0-2: Ball
1-2: Ball
2-2: Fly out, F9 (Flyball, 9S)
Batting: LHB Jeff Carter 0-0: Ball
1-0: Ground out 3-1 (Groundball, 34)
Bottom of the 8th over - 0 run(s), 0 hit(s), 0 error(s), 0 left on base; Madison 4 - So Cal 5
TOP OF THE 9TH
Madison Bombers batting - Pitching for So Cal Henvy : RHP Yin-zhen Zong
Pitching: RHP Jerry Good
Now at 1B: Miguel González
Batting: LHB John Horton 0-0: Ball
1-0: Foul Ball, location: 2F
1-1: Ground out U3 (Groundball, 3)
Batting: RHB Javier Deleón 0-0: Ball
1-0: Ball
2-0: Foul Ball, location: 2F
2-1: Ground out 5-3 (Groundball, 56S)
Batting: SHB Jorge Flores 0-0: Ball
1-0: SINGLE (Line Drive, 9)
Pinch Hitting: RHB Will Brown 0-0: Called Strike
0-1: Ball
1-1: Swinging Strike
1-2: Foul Ball, location: 2F
1-2: Foul Ball, location: 2F
1-2: Foul Ball, location: 2F
1-2: Strikes out looking
Top of the 9th over - 0 run(s), 1 hit(s), 0 error(s), 1 left on base; Madison 4 - So Cal 5
Thursday, March 30th, 2017 - OOTP Baseball 17.12 Build 75